 Dungeon Crawl Stone Soup version 0.20-a0-222-gb69ddcd (webtiles) character file.

427166 feito the Sorcerer (level 22, -9/117 HPs)
             Began as a Spriggan Earth Elementalist on Nov 28, 2016.
             Was the Champion of Vehumet.
             Mangled by a spark wasp (28 damage)
             ... on level 2 of the Depths on Nov 29, 2016.
             The game lasted 09:24:25 (73379 turns).

feito the Sorcerer (Spriggan Earth Elementalist)   Turns: 73379, Time: 09:24:26

Health: -9/117     AC: 12    Str:  9    XL:     22   Next: 76%
Magic:  38/51      EV: 41    Int: 31    God:    Vehumet [******]
Gold:   4195       SH:  9    Dex: 24    Spells: 13/69 levels left

rFire  + . .     SeeInvis +     b - +7 dagger "Wecu" {venom, +Rage rC+ rN+ Int+3}
rCold  + + .     Gourm    .     P - +2 robe {rC+ rF+}
rNeg   + . .     Faith    .     X - +3 warlock's mirror {reflect}
rPois  +         Spirit   .     R - +2 hat
rElec  .         Reflect  +     z - +5 cloak of Dim Light {Str+5 Int+4}
rCorr  .         Harm     +     (gloves unavailable)
MR     ++++.     Rnd*Tele +     (boots unavailable)
Stlth  +++++.....               N - amulet of Iweotup {Harm *Drain Dex+2 SInv}
                                Q - ring "Qiysu" {rPois EV+3 Dex+3}
                                V - ring of protection from magic

@: repel missiles, very quick
A: unfitting armour, see invisible, herbivore 3, speed 3, sense surroundings 1,
slow metabolism 2, teleportitis 1
}: 2/15 runes: decaying, gossamer
a: Renounce Religion, Evoke Berserk Rage


You were on level 2 of the Depths.
You worshipped Vehumet.
Vehumet was exalted by your worship.
You were not hungry.

You visited 9 branches of the dungeon, and saw 42 of its levels.
You also visited: Sewer, Bailey and Ice Cave.

You collected 5670 gold pieces.
You spent 1475 gold pieces at shops.

Inventory:

Hand Weapons
 a - a +3 rapier of electrocution
 b - the +7 dagger "Wecu" (weapon) {venom, +Rage rC+ rN+ Int+3}
   (You found it on level 2 of the Lair of Beasts)

   It poisons the flesh of those it strikes.
   It affects your intelligence (+3).
   It protects you from cold.
   It protects you from negative energy.
   It lets you go berserk.
Armour
 z - the +5 cloak of Dim Light (worn) {Str+5 Int+4}
   (You acquired it on level 1 of the Swamp)

   It affects your strength (+5).
   It affects your intelligence (+4).
 P - a +2 robe of resistance (worn)
 R - a +2 hat (worn)
 X - the +3 warlock's mirror (worn) {reflect}
   (You acquired it on level 2 of the Orcish Mines)
Jewellery
 f - the ring of the Robin {Wiz rPois Str+3 Int+4}
   (You took it off a deep elf demonologist on level 3 of the Elven Halls)

   [ring of wizardry]

   It improves your spell success rate.
   It affects your strength (+3).
   It affects your intelligence (+4).
   It protects you from poison.
 I - an uncursed amulet of faith
 N - the amulet of Iweotup (around neck) {Harm *Drain Dex+2 SInv}
   (You took it off a deep elf death mage on level 3 of the Elven Halls)

   [amulet of harm]

   It increases damage dealt and taken.
   It affects your dexterity (+2).
   It lets you see invisible.
   It causes draining when unequipped.
 Q - the ring "Qiysu" (right hand) {rPois EV+3 Dex+3}
   (You found it on level 2 of the Spider Nest)

   [ring of evasion]

   It affects your evasion (+3).
   It affects your dexterity (+3).
   It protects you from poison.
 V - a ring of protection from magic (left hand)
Wands
 i - a wand of lightning (5/15)
 p - a wand of teleportation (6/9)
 H - a wand of hasting (5/9)
Scrolls
 h - 5 scrolls of recharging
 k - 12 scrolls of amnesia
 r - a scroll of brand weapon
 t - 5 scrolls of fear
 u - 4 scrolls of identify
 y - 2 scrolls of enchant weapon
 A - 22 scrolls of remove curse
 D - 5 scrolls of teleportation
 F - 3 scrolls of magic mapping
 G - a scroll of silence
 L - 2 scrolls of holy word
 O - a scroll of fog
 U - a scroll of enchant armour
Potions
 j - a potion of invisibility
 m - 4 potions of mutation
 n - 6 potions of flight
 o - 4 potions of berserk rage
 q - 6 potions of curing
 v - 8 potions of brilliance
 w - 5 potions of might
 C - 2 potions of magic
 W - a potion of agility
Books
 c - the Reference Book on Mutagenic Attacks
   (You bought it in a shop on level 2 of the Orcish Mines)

   Spells                             Type                      Level
   a - Conjure Flame                  Conjuration/Fire             3
   b - Blade Hands                    Transmutation                5
   c - Iron Shot                      Conjuration/Earth            6
 l - a book of Power

   Spells                             Type                      Level
   a - Fulminant Prism                Conjuration/Hexes            4
   b - Iskenderun's Mystic Blast      Conjuration                  4
   c - Venom Bolt                     Conjuration/Poison           5
   d - Bolt of Magma                  Conjuration/Fire/Earth       5
   e - Iron Shot                      Conjuration/Earth            6
   f - Orb of Destruction             Conjuration                  7
   g - Spellforged Servitor           Conjuration/Summoning        7
 B - Further Steps in the Hermit's Heritage
   (You found it on level 3 of the Vaults)

   Spells                             Type                      Level
   a - Throw Icicle                   Conjuration/Ice              4
   b - Sticky Flame                   Conjuration/Fire             4
   c - Iskenderun's Mystic Blast      Conjuration                  4
   d - Force Lance                    Conjuration/Translocation    4
   e - Leda's Liquefaction            Hexes/Earth                  4
   f - Summon Ice Beast               Ice/Summoning                4
 Y - a book of Conjurations

   Spells                             Type                      Level
   a - Magic Dart                     Conjuration                  1
   b - Searing Ray                    Conjuration                  2
   c - Dazzling Spray                 Conjuration/Hexes            3
   d - Fulminant Prism                Conjuration/Hexes            4
   e - Iskenderun's Mystic Blast      Conjuration                  4
   f - Iskenderun's Battlesphere      Conjuration/Charms           5
Miscellaneous
 e - 2 boxes of beasts
 J - a disc of storms
Comestibles
 d - 9 bread rations
 K - 12 royal jellies
 S - 7 fruits


   Skills:
 + Level 12.8 Fighting
 + Level 20.8 Dodging
 - Level 11.0 Stealth
 * Level 24.1 Spellcasting
 + Level 10.7 Conjurations
 - Level 5.0 Charms
 + Level 13.4 Transmutations
 * Level 19.6 Earth Magic


You had 13 spell levels left.
You knew the following spells:

 Your Spells              Type           Power        Failure   Level  Hunger
a - Sandblast             Erth           ######       0%          1    None
b - Stone Arrow           Conj/Erth      ######       0%          3    None
c - Petrify               Tmut/Erth      #######.     0%          4    None
d - Lee's Rapid Deconstr  Erth           ########..   0%          5    None
e - Passwall              Tmut/Erth      #######...   0%          2    None
f - Ozocubu's Armour      Chrm/Ice       ######..     1%          3    None
g - Blink                 Tloc           N/A          1%          2    None
h - Apportation           Tloc           #####.....   1%          1    None
i - Repel Missiles        Chrm/Air       ######       1%          2    None
j - Regeneration          Chrm/Necr      ######....   1%          3    None
k - Iron Shot             Conj/Erth      #######...   1%          6    None
l - Bolt of Magma         Conj/Fire/Erth #######...   1%          5    None
m - Statue Form           Tmut/Erth      #######..    1%          6    None
n - Leda's Liquefaction   Hex/Erth       #######...   1%          4    None
o - Shatter               Erth           ########..   11%         9    #####..


Dungeon Overview and Level Annotations

Branches:
Dungeon (15/15)            Temple (1/1) D:5            Lair (6/6) D:9
  Swamp (4/4) Lair:3       Spider (4/4) Lair:3        Slime (0/5) Lair:5
    Orc (2/2) D:12            Elf (3/3) Orc:2        Vaults (5/5) D:14
 Depths (2/5) D:15
  Crypt: Vaults:2-3

Altars:
Ashenzari
Cheibriados
Dithmenos
Elyvilon
Fedhas
Gozag
Hepliaklqana
Kikubaaqudgha
Makhleb
Nemelex Xobeh
Okawaru
Qazlal
Ru
Sif Muna
Trog
Uskayaw
Vehumet
Xom
Yredelemnul
Zin
The Shining One
Jiyva

Shops:
D:8 ?   D:9 *   D:13 *(=}   Orc:2 ?*:*[(   Elf:1 %   Vaults:2 (   Vaults:3 *
Vaults:4 }

Portals:
Hell: Depths:1
Ziggurat: Depths:1


Innate Abilities, Weirdness & Mutations

You are very small and have problems with some larger weapons.
You are too small for most types of armour.
You have supernaturally acute eyesight. (SInv)
You are a herbivore.
You cover ground extremely quickly.
You need consume almost no food.
You passively map a small area around you.
You are occasionally teleported next to monsters.


Message History

Found 5 tomahawks.
Casting: Iron Shot
Confirm with . or Enter, or press ? or * to list all spells.
Aiming: Iron Shot
Press: ? - help, Shift-Dir - straight line, f - spark wasp
Aim: a spark wasp (moderately wounded)
The iron shot hits the tentacled monstrosity.
You kill the tentacled monstrosity!
Vehumet accepts your kill.
You feel your power returning.
Casting: Iron Shot
Confirm with . or Enter, or press ? or * to list all spells.
Aiming: Iron Shot
Press: ? - help, Shift-Dir - straight line, f/p - spark wasp
Aim: a spark wasp (moderately wounded)
The iron shot hits the spark wasp.
The spark wasp is almost dead.
The great orb of eyes gazes at you. You resist with almost no effort.
The spark wasp stings you!!
You die...

*, , ,,, ,#+ , ,
...., *##* ,. ,
#.... ,,##.#*#(.
, , .....,
#+..#..# **
..(..##.....# ,
# #DG.'...$..##
* *
..(#.)###@....?#
,
.?.y.†.#y#.#.)##
#.Q†)..(.?# , ,
#.)()....## * ,
........#.#
..#....#(....#
##*############


You could see a fire dragon, a tengu reaver, a great orb of eyes and a spark
wasp.

Vanquished Creatures
  2 ancient liches
  A juggernaut (Depths:2)
  Saint Roka (Vaults:3)
  Jory (Vaults:2)
  Arachne (Spider:1)
  Rupert (Lair:6)
  2 tentacled monstrosities (Depths:2)
  2 deep elf blademasters (Elf:3)
  4 titans
  Asterion (Vaults:2)
  4 liches
  2 deep elf master archers (Elf:3)
  2 sphinxes
  An ancient champion (Vaults:2)
  2 storm dragons
  Donald (Elf:1)
  A shadow dragon (Vaults:5)
  A tengu reaver (Vaults:5)
  3 frost giants
  5 emperor scorpions
  2 ghost moths (Spider:4)
  3 fire giants
  17 vault wardens
  An iron dragon (Depths:2)
  5 deep elf sorcerers
  Aizul (Spider:2)
  5 deep elf elementalists (Elf:3)
  An orc warlord (Orc:2)
  15 ironheart preservers
  8 stone giants
  10 very ugly things
  7 entropy weavers
  A vampire knight (Depths:1)
  Nessos (Lair:4)
  6 deep elf demonologists (Elf:3)
  7 deep elf annihilators
  6 dire elephants
  4 spark wasps
  12 ettins
  2 jiangshi (Depths:1)
  8 fire dragons
  7 deep elf death magi
  2 merfolk impalers
  Snorg (Lair:5)
  12 yaktaur captains
  4 deep elf high priests (Elf:3)
  Josephine (Lair:6)
  15 ogre magi
  4 rakshasas
  4 great orbs of eyes
  11 ice dragons
  30 vault guards
  A ghost crab (Swamp:4)
  14 hydras
  An anaconda (Lair:6)
  12 centaur warriors
  9 dancing weapons
  3 death knights
  2 deep troll earth magi
  A deep troll shaman (Vaults:4)
  2 alligators
  9 death yaks
  6 orc high priests
  A tengu warrior (Depths:1)
  3 vampire magi
  A shock serpent (shapeshifter) (Vaults:2)
  17 deep elf knights
  Nergalle (D:11)
  16 deep trolls
  3 shadow wraiths (Vaults:3)
  5 skeletal warriors
  5 unseen horrors
  A glowing orange brain (shapeshifter) (Vaults:4)
  A shambling mangrove (Swamp:4)
  8 hill giants
  2 glowing orange brains (Vaults:4)
  3 swamp dragons
  An orange crystal statue (D:9)
  2 lindwurms
  4 wizards
  22 orc knights
  13 deep elf archers
  A harpy (Vaults:1)
  A harpy (shapeshifter) (Vaults:1)
  5 phantasmal warriors
  50 deep elf magi
  21 ironbrand convokers
  3 necromancers (Vaults:2)
  8 orc sorcerers
  4 oklob plants (D:14)
  Pikel (D:9)
  A mana viper (shapeshifter) (Vaults:3)
  16 orb spiders
  2 moths of wrath
  28 wolf spiders
  2 manticores (D:13)
  57 slime creatures
  11 cyclopes
  46 ugly things
  3 centaur zombies (D:14)
  14 elephants
  2 ice statues (IceCv)
  An eye of devastation (shapeshifter) (Vaults:4)
  3 black mambas
  2 torpor snails (Spider:4)
  15 spiny frogs
  14 vault sentinels
  4 rime drakes
  A kobold demonologist (Bailey)
  2 komodo dragons (Lair:5)
  6 freezing wraiths
  A spiny frog (shapeshifter) (Elf:2)
  2 efreet
  42 yaktaurs
  2 yaktaurs (shapeshifter)
  2 tengu conjurers
  A queen bee (shapeshifter) (Vaults:4)
  12 demonic crawlers
  3 meliai (D:14)
  9 trolls
  A troll (shapeshifter) (Elf:3)
  A queen bee (D:14)
  20 jumping spiders
  21 hornets
  32 two-headed ogres
  A blink frog (Lair:5)
  9 bog bodies
  A meliai zombie (D:13)
  A slime creature (shapeshifter) (D:14)
  A stone giant simulacrum (Vaults:3)
  3 hippogriffs
  2 shadows (Swamp:1)
  68 redbacks
  10 water elementals
  32 tarantellas
  2 spriggans (Swamp:4)
  A redback (shapeshifter) (Vaults:1)
  9 wraiths
  14 yaks
  2 wyverns
  A basilisk (Lair:5)
  3 fire elementals
  2 air elementals
  4 fire bats (Orc:2)
  3 hungry ghosts
  4 swamp worm simulacra (Swamp:4)
  6 wargs
  3 acid dragons
  5 vampire mosquitoes
  10 swamp worms
  12 porcupines
  14 hydra simulacra (Swamp:4)
  68 orc warriors
  A swamp drake (Swamp:3)
  10 water moccasins
  2 phantoms
  26 ice beasts
  2 black bears
  A black bear (shapeshifter) (Vaults:1)
  4 eyes of draining
  6 sky beasts
  2 necrophages
  6 wolves (Lair:1)
  4 boggarts (Vaults:2)
  19 centaurs
  53 ogres
  15 crocodiles
  9 big kobolds
  Blork the orc (D:6)
  22 bullfrogs
  A wyvern zombie (D:14)
  A glowing shapeshifter simulacrum (Vaults:2)
  2 earth elementals (Elf:1)
  A water moccasin skeleton (D:8)
  3 scorpions
  39 killer bees
  A human simulacrum (Vaults:1)
  A howler monkey (D:9)
  10 wights
  8 electric eels
  3 bullfrog zombies
  8 crimson imps
  4 jellies
  A quasit (D:14)
  6 hounds
  30 orc priests
  43 orc wizards
  3 bullfrog skeletons
  4 centaur skeletons
  4 iguanas
  12 worker ants
  A hell rat (Elf:1)
  A howler monkey skeleton (D:7)
  3 worker ant zombies
  13 gnolls
  9 adders
  7 shadow imps
  3 oozes
  4 swamp drake simulacra (Swamp:4)
  3 worms
  4 dart slugs
  4 leopard geckos
  114 orcs
  5 bats
  6 giant cockroaches
  20 goblins
  9 hobgoblins
  19 jackals
  32 kobolds
  5 quokkas
  9 ball pythons
  4 frilled lizards
  A jackal zombie (D:5)
  A leopard gecko skeleton (D:8)
  A quokka skeleton (D:9)
  11 rats
  3 fungi (Lair:5)
  5 plants
1849 creatures vanquished.

Vanquished Creatures (others)
  A vault warden (Vaults:1)
  3 centaur warriors
  A phantasmal warrior (Vaults:5)
  2 deep elf magi
  2 cyclopes
  3 yaktaurs
  A hornet (Swamp:4)
  A spriggan (Swamp:4)
  A fire bat (shapeshifter) (Vaults:5)
  4 slaves (D:9)
  A centaur (Vaults:2)
  A howler monkey (shapeshifter) (Vaults:5)
  6 fungi
  30 plants
57 creatures vanquished.

Grand Total: 1906 creatures vanquished

Notes
Turn   | Place    | Note
-------+----------+-------------------------------------------
     0 | D:1      | feito the Spriggan Earth Elementalist began the quest for the Orb.
     0 | D:1      | Reached XP level 1. HP: 9/9 MP: 5/5
   148 | D:1      | Reached XP level 2. HP: 13/13 MP: 0/6
   440 | D:1      | Reached skill level 3 in Spellcasting
  1127 | D:1      | Reached XP level 3. HP: 13/16 MP: 0/8
  1303 | D:2      | Learned a level 3 spell: Stone Arrow
  1657 | D:2      | Found a glowing golden altar of the Shining One.
  2122 | D:2      | Reached XP level 4. HP: 21/21 MP: 0/10
  2128 | D:2      | Learned a level 4 spell: Petrify
  2276 | D:3      | Found a basalt altar of Yredelemnul.
  2567 | D:3      | Found a glowing drain.
  2632 | Sewer    | Entered a sewer
  2699 | Sewer    | Reached skill level 4 in Spellcasting
  2756 | Sewer    | Noticed a big kobold
  2756 | Sewer    | Noticed a big kobold
  2813 | Sewer    | Killed a big kobold
  2813 | Sewer    | Reached XP level 5. HP: 19/24 MP: 0/12
  3123 | Sewer    | Reached XP level 6. HP: 27/28 MP: 4/14
  3162 | Sewer    | Reached skill level 5 in Stealth
  3162 | Sewer    | Reached skill level 5 in Spellcasting
  4240 | D:4      | Reached XP level 7. HP: 19/32 MP: 4/16
  4874 | D:4      | Learned a level 5 spell: Lee's Rapid Deconstruction
  5277 | D:5      | Entered Level 5 of the Dungeon
  5317 | D:5      | Reached skill level 5 in Dodging
  5317 | D:5      | Reached skill level 6 in Spellcasting
  5323 | D:5      | Reached skill level 5 in Earth Magic
  5327 | D:5      | Learned a level 2 spell: Passwall
  5559 | D:5      | Found a staircase to the Ecumenical Temple.
  5665 | Temple   | Entered the Ecumenical Temple
  5873 | Temple   | Became a worshipper of Vehumet
  5942 | D:5      | Reached XP level 8. HP: 36/36 MP: 18/18
  6372 | D:6      | Reached skill level 7 in Spellcasting
  6880 | D:6      | Noticed Blork the orc
  6886 | D:6      | Killed Blork the orc
  6948 | D:6      | Found a shattered altar of Ashenzari.
  7209 | D:7      | Found a shimmering altar of Xom.
  7558 | D:7      | Found a hazy altar of Hepliaklqana.
  7697 | D:7      | Reached * piety under Vehumet
  7697 | D:7      | Offered knowledge of Magic Dart by Vehumet.
  7783 | D:7      | Reached skill level 8 in Spellcasting
  7854 | D:8      | Found Xyn Ytz's Magic Scroll Shop.
  7899 | D:8      | Found a hide-covered altar of Uskayaw.
  7917 | D:8      | Reached XP level 9. HP: 24/39 MP: 9/22
  8750 | D:8      | Found a basalt altar of Yredelemnul.
  9436 | D:8      | Reached ** piety under Vehumet
  9436 | D:8      | Offered knowledge of Freeze by Vehumet.
  9492 | D:8      | Found a deep blue altar of Sif Muna.
  9693 | D:8      | Reached skill level 9 in Spellcasting
  9887 | D:9      | Found a staircase to the Lair.
  9896 | D:9      | Noticed an orange crystal statue
  9929 | D:9      | Found an iron altar of Okawaru.
 10085 | D:9      | Noticed Pikel
 10501 | D:8      | Gained mutation: You have sharp fingernails. [potion of beneficial mutation]
 10535 | D:9      | Killed Pikel
 10535 | D:9      | Reached skill level 10 in Stealth
 10574 | D:9      | Noticed a troll
 10590 | D:9      | Killed a troll
 10590 | D:9      | Reached XP level 10. HP: 44/44 MP: 14/24
 10626 | D:9      | Found Cesahij's Elemental Accessories.
 11194 | D:10     | Entered Level 10 of the Dungeon
 11273 | D:10     | Found an iron altar of Okawaru.
 11290 | D:10     | Reached skill level 10 in Spellcasting
 12057 | D:11     | Offered knowledge of Static Discharge by Vehumet.
 12062 | D:11     | Noticed a hill giant
 12119 | D:11     | Killed a hill giant
 12119 | D:11     | Reached skill level 1 in Fighting
 12323 | D:11     | Noticed a white ugly thing
 12470 | D:11     | Killed a white ugly thing
 12670 | D:10     | Reached *** piety under Vehumet
 12748 | Lair:1   | Entered Level 1 of the Lair of Beasts
 13343 | Lair:1   | Lost mutation: You have sharp fingernails. [potion of cure mutation]
 13656 | Lair:1   | Reached skill level 11 in Spellcasting
 13950 | Lair:2   | Noticed a spiny frog
 13959 | Lair:2   | Offered knowledge of Iskenderun's Mystic Blast by Vehumet.
 14101 | Lair:2   | Killed a spiny frog
 14117 | Lair:2   | Noticed a spiny frog
 14131 | Lair:2   | Killed a spiny frog
 14131 | Lair:2   | Reached XP level 11. HP: 51/51 MP: 27/27
 14333 | Lair:2   | Got an ichor-stained dagger
 14340 | Lair:2   | Identified the +7 dagger "Wecu" {venom, +Rage rC+ rN+ Int+3} (You found it on level 2 of the Lair of Beasts)
 14455 | Lair:2   | Reached skill level 10 in Dodging
 15074 | Lair:3   | Noticed a wolf spider
 15088 | Lair:3   | Killed a wolf spider
 15457 | Lair:3   | Reached skill level 10 in Earth Magic
 15540 | Lair:2   | Reached **** piety under Vehumet
 15785 | Lair:3   | Found a hole to the Spider Nest.
 15785 | Lair:3   | Found a staircase to the Swamp.
 15811 | Lair:3   | You fall through a shaft for 2 floors!
 15812 | Lair:5   | Noticed a four-headed hydra
 15919 | Lair:5   | Reached skill level 12 in Spellcasting
 16069 | Lair:5   | Learned a level 3 spell: Ozocubu's Armour
 16118 | Lair:5   | Learned a level 2 spell: Blink
 16194 | Lair:5   | Noticed Snorg
 16214 | Lair:5   | Killed Snorg
 16214 | Lair:5   | Reached skill level 1 in Charms
 16251 | Lair:5   | Learned a level 1 spell: Apportation
 16316 | Lair:5   | Offered knowledge of Irradiate by Vehumet.
 16470 | Lair:5   | Noticed a six-headed hydra
 16485 | Lair:5   | Killed a six-headed hydra
 16485 | Lair:5   | Reached skill level 5 in Transmutations
 16498 | Lair:5   | Noticed a five-headed hydra
 16511 | Lair:5   | Killed a five-headed hydra
 16682 | Lair:5   | Killed a four-headed hydra
 16797 | Lair:5   | Reached XP level 12. HP: 57/58 MP: 29/29
 16999 | Lair:5   | Noticed a death yak
 16999 | Lair:5   | Noticed a death yak
 16999 | Lair:5   | Noticed a death yak
 17176 | Lair:4   | Noticed an eight-headed hydra
 17196 | Lair:4   | Noticed Nessos
 17197 | Lair:4   | Killed an eight-headed hydra
 17224 | Lair:4   | Killed Nessos
 17224 | Lair:4   | Reached skill level 13 in Spellcasting
 17664 | Lair:4   | Noticed a four-headed hydra
 17668 | Lair:4   | Killed a four-headed hydra
 17850 | Lair:4   | Reached skill level 5 in Charms
 18236 | Lair:4   | Noticed a seven-headed hydra
 18254 | Lair:4   | Killed a seven-headed hydra
 18476 | Lair:3   | Reached skill level 5 in Fighting
 18523 | Lair:3   | Learned a level 2 spell: Repel Missiles
 18527 | Lair:3   | Learned a level 3 spell: Regeneration
 18924 | Lair:5   | Killed a death yak
 18928 | Lair:5   | Killed a death yak
 19054 | Lair:5   | Found a staircase to the Slime Pits.
 19056 | Lair:5   | Found a viscous altar of Jiyva.
 19379 | Lair:5   | Killed a death yak
 19379 | Lair:5   | Reached skill level 14 in Spellcasting
 19672 | Lair:5   | Reached ***** piety under Vehumet
 19819 | Lair:6   | Entered Level 6 of the Lair of Beasts
 19888 | Lair:6   | Noticed a death yak
 19890 | Lair:6   | Noticed a death yak
 19905 | Lair:6   | Killed a death yak
 19905 | Lair:6   | Reached XP level 13. HP: 63/63 MP: 19/32
 20148 | Lair:5   | Offered knowledge of Poisonous Cloud by Vehumet.
 20956 | Lair:6   | Noticed a dire elephant
 20968 | Lair:6   | Noticed a dire elephant
 20970 | Lair:6   | Noticed a dire elephant
 21411 | Lair:6   | Killed a dire elephant
 21439 | Lair:6   | Noticed a dire elephant
 21444 | Lair:6   | Noticed Rupert
 21667 | Lair:5   | Killed a dire elephant
 22118 | Lair:5   | Reached skill level 1 in Conjurations
 22266 | Lair:6   | Killed a dire elephant
 22582 | Lair:6   | Killed Rupert
 22582 | Lair:6   | Reached skill level 15 in Spellcasting
 22943 | Lair:6   | Killed a dire elephant
 23087 | Lair:6   | Noticed Josephine
 23171 | Lair:6   | Killed Josephine
 23695 | Lair:6   | Noticed a dire elephant
 23695 | Lair:6   | Noticed a dire elephant
 23743 | Lair:6   | Killed a dire elephant
 23968 | Lair:6   | Killed a dire elephant
 24634 | D:11     | Noticed Nergalle
 24644 | D:11     | Killed Nergalle
 24971 | D:11     | Reached XP level 14. HP: 38/70 MP: 12/34
 26004 | D:12     | Got a steaming great sword
 26005 | D:12     | Identified the +7 great sword of the Onslaught {vamp, *Corrode rElec MP-9 Int+7} (You found it on level 12 of the Dungeon)
 26220 | D:12     | Found a staircase to the Orcish Mines.
 26234 | Orc:1    | Entered Level 1 of the Orcish Mines
 26253 | Orc:1    | Offered knowledge of Spellforged Servitor by Vehumet.
 26560 | Orc:1    | Found a flagged portal.
 26569 | Bailey   | Entered a bailey
 26679 | Bailey   | Found an iron altar of Okawaru.
 26933 | Bailey   | Got a scorched hand axe {chop}
 26937 | Bailey   | Identified the +9 hand axe of the Real Monster {chop, rPois rC- rN+} (You took it off a gnoll in a bailey)
 27904 | Orc:2    | Entered Level 2 of the Orcish Mines
 27904 | Orc:2    | Found a staircase to the Elven Halls.
 27927 | Orc:1    | Offered knowledge of Delayed Fireball by Vehumet.
 28463 | Orc:2    | Found Uqykh's Magic Scroll Emporium.
 28681 | Orc:2    | Reached skill level 16 in Spellcasting
 28750 | Orc:2    | Noticed an orc warlord
 28997 | Orc:2    | Killed an orc warlord
 29957 | Orc:2    | Offered knowledge of Bolt of Draining by Vehumet.
 30821 | Orc:2    | Found Mepnoir's Antique Armour Boutique.
 30822 | Orc:2    | Found Badahoa's Antique Weapon Shop.
 30824 | Orc:2    | Found Fuasotat's General Store.
 30824 | Orc:2    | Found Inoenemn's Book Boutique.
 30885 | Orc:2    | Bought a book of the Earth for 1040 gold pieces
 30899 | Orc:2    | Learned a level 6 spell: Iron Shot
 30958 | Orc:2    | Found Mikhap's Assorted Antiques.
 31006 | Orc:2    | Bought a rare book for 435 gold pieces
 31006 | Orc:2    | Identified the Reference Book on Mutagenic Attacks (You bought it in a shop on level 2 of the Orcish Mines)
 31321 | Orc:2    | Learned a level 5 spell: Bolt of Magma
 31608 | D:13     | Found Ynadela's Gadget Boutique.
 31642 | D:13     | Found Fuos Box's Jewellery Shoppe.
 31812 | D:13     | Found Sisivav's General Store.
 31845 | D:13     | Found Iguege's Antique Weapon Shop.
 31877 | D:13     | Found a frozen archway.
 31890 | IceCv    | Entered an ice cave
 31916 | IceCv    | Offered knowledge of Ozocubu's Refrigeration by Vehumet.
 32019 | IceCv    | Reached ****** piety under Vehumet
 32533 | IceCv    | Reached XP level 15. HP: 31/77 MP: 7/36
 32800 | IceCv    | Learned a level 6 spell: Statue Form
 34855 | D:14     | Offered knowledge of Freezing Cloud by Vehumet.
 34977 | D:14     | Reached skill level 17 in Spellcasting
 36570 | D:14     | Offered knowledge of Conjure Ball Lightning by Vehumet.
 36690 | D:14     | Reached skill level 5 in Conjurations
 36746 | D:14     | Reached skill level 15 in Dodging
 37040 | D:14     | Found a gate to the Vaults.
 37969 | D:15     | Entered Level 15 of the Dungeon
 38340 | D:15     | Found a staircase to the Depths.
 39252 | D:15     | Reached XP level 16. HP: 60/82 MP: 23/38
 39271 | D:15     | Offered knowledge of Fire Storm by Vehumet.
 39271 | D:15     | Offered knowledge of Glaciate by Vehumet.
 39271 | D:15     | Offered knowledge of Chain Lightning by Vehumet.
 39478 | D:15     | Reached skill level 18 in Spellcasting
 39941 | Swamp:1  | Entered Level 1 of the Swamp
 40003 | Swamp:1  | Got an ichor-stained spear
 40004 | Swamp:1  | Identified the +4 spear of Greed {pierce, Int+3} (You found it on level 1 of the Swamp)
 40267 | Swamp:1  | Got a spiked cloak
 40273 | Swamp:1  | Identified the +5 cloak of Dim Light {Str+5 Int+4} (You acquired it on level 1 of the Swamp)
 41056 | Swamp:4  | Entered Level 4 of the Swamp
 41508 | Swamp:4  | Reached skill level 15 in Earth Magic
 42294 | Swamp:4  | Got a decaying rune of Zot
 42463 | Lair:3   | Upgraded the game from 0.20-a0-217-g17e8ceb to 0.20-a0-222-gb69ddcd
 42491 | Spider:1 | Entered Level 1 of the Spider Nest
 43170 | Spider:2 | Noticed Aizul
 44040 | Spider:2 | Noticed Arachne
 44069 | Spider:1 | Killed Arachne
 44069 | Spider:1 | Reached skill level 19 in Spellcasting
 44131 | Spider:1 | Reached XP level 17. HP: 39/88 MP: 21/41
 44539 | Spider:2 | Got a transparent lapis lazuli ring
 44541 | Spider:2 | Identified the ring "Qiysu" {rPois EV+3 Dex+3} (You found it on level 2 of the Spider Nest)
 44842 | Spider:2 | Killed Aizul
 45449 | Spider:4 | Entered Level 4 of the Spider Nest
 48147 | Spider:4 | Reached skill level 10 in Fighting
 49034 | Spider:4 | Got a gossamer rune of Zot
 49878 | Vaults:1 | Entered Level 1 of the Vaults
 50027 | Vaults:1 | Reached skill level 20 in Spellcasting
 50903 | Vaults:1 | Reached XP level 18. HP: 68/93 MP: 33/43
 53188 | Vaults:2 | Noticed Jory
 53424 | Vaults:2 | Killed Jory
 55006 | Vaults:2 | Noticed Asterion
 55288 | Vaults:3 | Noticed Saint Roka
 55302 | Vaults:3 | Killed Saint Roka
 55567 | Vaults:2 | Reached skill level 21 in Spellcasting
 55714 | Vaults:2 | Reached XP level 19. HP: 99/99 MP: 12/45
 55871 | Vaults:2 | Found Kuobbuxt's Antique Weapon Shoppe.
 56880 | Vaults:2 | Killed Asterion
 58530 | Vaults:3 | Identified Further Steps in the Hermit's Heritage
 58538 | Vaults:3 | Learned a level 4 spell: Leda's Liquefaction
 58647 | Vaults:3 | Found Xouloef's General Store.
 60606 | Vaults:4 | Reached XP level 20. HP: 66/105 MP: 11/46
 60919 | Vaults:4 | Found Teklug's Gadget Shoppe.
 61006 | Vaults:4 | Reached skill level 22 in Spellcasting
 61636 | Vaults:5 | Entered Level 5 of the Vaults
 62161 | Vaults:4 | Reached skill level 10 in Transmutations
 62850 | Vaults:5 | Noticed an ancient lich
 63003 | Vaults:4 | HP: 1/105 [titan/the air (31)]
 63895 | Elf:1    | Entered Level 1 of the Elven Halls
 64507 | Elf:1    | Noticed Donald
 64522 | Elf:1    | Killed Donald
 64798 | Elf:1    | Found Jiang's Food Shoppe.
 65347 | Elf:1    | Learned a level 9 spell: Shatter
 65612 | Elf:2    | Reached XP level 21. HP: 110/110 MP: 27/48
 66090 | Elf:3    | Entered Level 3 of the Elven Halls
 66764 | Elf:3    | Reached skill level 23 in Spellcasting
 67361 | Elf:3    | Got a crude diamond amulet
 67363 | Elf:3    | Identified the amulet of Iweotup {Harm *Drain Dex+2 SInv} (You took it off a deep elf death mage on level 3 of the Elven Halls)
 67587 | Elf:3    | Got a brightly glowing granite ring
 67590 | Elf:3    | Identified the ring of the Robin {Wiz rPois Str+3 Int+4} (You took it off a deep elf demonologist on level 3 of the Elven Halls)
 67650 | Elf:3    | Identified the Guide on the Toxic Frostbite
 67658 | Elf:3    | Identified Poawnoz's Almanac of Displaced Earth
 67674 | Elf:3    | Identified a +5 rod of shadows (13/13) (You found it on level 3 of the Elven Halls)
 67798 | Elf:3    | Reached skill level 10 in Conjurations
 68252 | Depths:1 | Entered Level 1 of the Depths
 69764 | Vaults:5 | Killed an ancient lich
 69775 | Vaults:5 | HP: 5/112 [titan/the air (49)]
 69776 | Vaults:5 | HP: 1/112 [fire crab (glowing shapeshifter)] (4)]
 69829 | Vaults:4 | Gained mutation: You are occasionally teleported next to monsters. [mutagenic glow]
 70936 | D:15     | Reached XP level 22. HP: 81/116 MP: 50/50
 71276 | Depths:1 | Noticed an ancient lich
 71508 | Depths:1 | Killed an ancient lich
 72399 | Depths:1 | Gained mutation: You passively map a small area around you. [potion of beneficial mutation]
 72514 | Depths:1 | Found a gateway to a ziggurat.
 73012 | Depths:1 | Found a gateway to Hell.
 73367 | Depths:2 | Noticed a juggernaut
 73371 | Depths:2 | Noticed a golden dragon
 73371 | Depths:2 | Reached skill level 24 in Spellcasting
 73372 | Depths:2 | Killed a juggernaut
 73379 | Depths:2 | Mangled by a spark wasp

Vault maps used:
D:1:      wheals_arrival_shading, minmay_crystal_water
D:2:      tso_altar
D:3:      overflow_temple_1_default, portal_sewer_entry_c
D:4:      hangedman_abyss_or_decor_jellyfish_corner
D:5:      first_bread, kennysheep_potato
D:6:      ashenzari_altar_1, uniq_blork_the_orc
D:7:      lemuel_crystal_altar, basic_altar, grunt_ogre_cave
D:8:      eat_drink_and_be_merry_uskayaw, marbit_many_paths, serial_shops, shop,
          wad_floor_pattern_2, yredelemnul_altar_generic
D:9:      minmay_separated_statues, lemuel_round_altar, lair_entry_dummy,
          nicolae_elemental_shop, uniq_pikel
D:10:     basic_altar
D:11:     uniq_nergalle
D:12:     orc_0_dummy
D:13:     serial_shops, kennysheep_mini_moat, shop, nicolae_shop_statue_plus,
          shop_fountains, portal_ice_cave_entry_ice_beasts, lightli_wizard_tower
D:14:     hangedman_what_comes_after_a, hangedman_vaults_entry_quadrant_bands,
          eino_small_chamber_without_monster, serial_bayou_lake_a
D:15:     grunt_enter_depths_snipers, minmay_parallelograms,
          statue_in_the_mist_lemuel
Temple:   regret_index_temple_generic_petals
Lair:3:   swamp_mist, spider_nest_entry_rubble, infiniplex_staircase_pool_2
Lair:4:   serial_bayou, serial_bayou_pond_e, serial_bayou_lagoon_b,
          serial_bayou_pond_b, serial_bayou_pond_c, minmay_hedge_maze,
          uniq_nessos
Lair:5:   slime_altar_1, beast_lair_carwin_9, grunt_megastairs_1, uniq_snorg
Lair:6:   due_jungle_book, uniq_rupert, uniq_josephine
Swamp:1:  serial_swamp_ruin, evilmike_swamp_ruin_house_5,
          evilmike_swamp_ruin_house_1
Swamp:2:  hangedman_swamp_ruin_wall, swamp_pool3, hangedman_swamp_pad
Swamp:3:  evilmike_swamp_ruin_rubble_1, swamp_pool2,
          nicolae_swamp_orc_logging_accident
Swamp:4:  swamp_icy
Spider:2: uniq_aizul, uniq_arachne
Spider:3: nicolae_spider_webs_and_nodes
Spider:4: guppyfry_spider_rune, spider_trap, nicolae_spider_shape
Orc:1:    lightli_bailey_entry_fortress, mines_bat_river
Orc:2:    st_orc_congregation, serial_shops, shop, nicolae_shop_waterfront,
          nicolae_orc_lava_tube
Elf:1:    eino_elf_arrival_the_gate, serial_shops, shop, special_room,
          hangedman_corner_corridor, uniq_donald
Elf:2:    roderic_lattice_octagonal_star
Elf:3:    elf_hall
Vaults:1: v_pattern_3, nicolae_vaults_ninety_degrees, vaults_mumra_hex,
          ontoclasm_vaults_shuriken, ontoclasm_vaults_misaligned,
          nicolae_vaults_an_arrangement, nicolae_vaults_theta,
          grunt_vaults_hallway_short, vaults_mumra_minichess_inversion,
          hangedman_vaults_stretched_pinwheel, ontoclasm_vaults_spin,
          ontoclasm_vaults_ring_square, nicolae_vaults_circle_grid_a
Vaults:2: vaults_room_octagon, grunt_vaults_hallway_long, v_misc_29, v_rooms_3,
          nicolae_vaults_little_squares_6, vaults_mumra_minichess, v_misc_8,
          dpeg_vaults_monster_row, hangedman_vaults_maws,
          minmay_crypt_entry_simple_box, serial_shops, nicolae_shop_waterfront,
          uniq_jory, uniq_asterion
Vaults:3: vaults_room_pool, nicolae_vaults_c_with_doors, v_misc_10, v_pattern_2,
          v_misc_27, nicolae_vaults_diagonal_hallway_7, ontoclasm_vaults_twist,
          serial_shops, shop, uniq_saint_roka
Vaults:4: nicolae_vaults_rhombus_5, st_lattice, nicolae_vaults_rhombus_5,
          v_misc_26, nicolae_vaults_three_branches, hangedman_vaults_restitches,
          vaults_dpeg_spiral, v_misc_28, nicolae_vaults_sealed_display,
          serial_shops, shop
Depths:1: enter_ziggurat_c, pf_dread_powers_of_hell, minislime_mu
Depths:2: grunt_bent_corner, pf_hell_entry_tar_river, serial_sigils,
          serial_sigils_hangedman_leer, serial_sigils_hangedman_scar,
          serial_sigils_hangedman_shear, serial_sigils_hangedman_gut,
          serial_shops, shop, infiniplex_staircase_diamond
Sewer:    kennysheep_pipe_town
Bailey:   bailey_axe_of_yendor_kennysheep, bailey
IceCv:    ice_cave_small_dragons

Skill      XL: |  1  2  3  4  5  6  7  8  9 10 11 12 13 14 15 16 17 18 19 20 21 22 |
---------------+-------------------------------------------------------------------+-----
Earth Magic    | 3 4 5 6 8 9 10 11 12 13 14 15 16 17 18 19 | 19.6
Spellcasting   | 3 4 5 6 8 9 11 12 14 15 16 17 19 20 21 22 23 24 | 24.1
Stealth        | 4 5 6 8 10 11 | 11.0
Transmutations | 2 3 4 5 7 9 10 12 13 | 13.4
Dodging        | 4 5 6 8 9 11 12 13 14 15 16 17 18 19 20 | 20.8
Fighting       | 2 4 5 6 7 8 9 10 11 12 | 12.8
Charms         | 3 5 |  5.0
Conjurations   | 2 4 5 6 7 8 9 10 | 10.7

Action                   |  1- 3 |  4- 6 |  7- 9 | 10-12 | 13-15 | 16-18 | 19-21 | 22-24 || total
-------------------------+-------+-------+-------+-------+-------+-------+-------+-------++-------
Melee: Dagger            |    29 |    51 |   126 |   128 |   691 |   421 |   223 |    50 ||  1719
       Rapier            |       |       |       |       |       |       |       |     3 ||     3
 Fire: Blowgun           |       |    33 |       |    39 |    22 |       |       |       ||    94
Throw: Stone             |       |       |       |     3 |     8 |     3 |     2 |       ||    16
 Cast: Sandblast         |    91 |    63 |   180 |    65 |    73 |     1 |       |       ||   473
       Stone Arrow       |     3 |    17 |    52 |    97 |   401 |   168 |    80 |     3 ||   821
       Petrify           |       |     2 |     7 |    66 |   119 |    68 |    14 |     4 ||   280
       Lee's Rapid Decon |       |       |       |    76 |   287 |   208 |   198 |    38 ||   807
       Ozocubu's Armour  |       |       |       |       |     7 |     9 |    13 |     2 ||    31
       Bolt of Magma     |       |       |       |       |    19 |     1 |     1 |       ||    21
       Iron Shot         |       |       |       |       |     4 |   348 |   352 |    93 ||   797
       Regeneration      |       |       |       |       |     2 |       |       |       ||     2
       Repel Missiles    |       |       |       |       |     4 |     5 |     1 |       ||    10
       Statue Form       |       |       |       |       |     1 |       |       |       ||     1
       Leda's Liquefacti |       |       |       |       |       |       |     6 |       ||     6
       Blink             |       |       |       |       |       |       |     2 |     1 ||     3
       Shatter           |       |       |       |       |       |       |     7 |     7 ||    14
       Passwall          |       |       |       |       |       |       |       |     2 ||     2
Evoke: Disc of storms    |       |       |       |       |       |       |     1 |       ||     1
       Wand              |       |       |       |       |       |       |     1 |       ||     1
       Box of beasts     |       |       |       |       |       |       |     1 |       ||     1
  Use: Potion            |       |     1 |     2 |     6 |     5 |     6 |    24 |     1 ||    45
       Scroll            |       |       |    17 |     8 |    20 |     7 |    24 |     1 ||    77
 Stab: Sleeping          |       |     2 |    17 |    16 |    19 |     9 |    19 |     1 ||    83
       Petrified         |       |       |     6 |    64 |   130 |   127 |    15 |     4 ||   346
       Distracted        |       |       |       |       |     5 |     3 |       |       ||     8
       Petrifying        |       |       |       |       |     2 |     5 |     3 |       ||    10
  Eat: Bread ration      |       |     1 |     1 |     2 |     3 |     3 |     2 |     1 ||    13
       Fruit             |       |       |     1 |     4 |     6 |     2 |       |       ||    13
       Pizza             |       |       |       |     1 |       |       |       |       ||     1
Armor: Robe              |     8 |     5 |     9 |     2 |    19 |    33 |    37 |    10 ||   123
Dodge: Dodged            |    67 |    76 |   182 |   135 |   664 |   505 |   454 |    78 ||  2161
       Deflected         |       |       |       |       |    14 |    17 |    23 |     1 ||    55
Block: Buckler           |       |       |       |       |   174 |   216 |   197 |    41 ||   628
       Reflection        |       |       |       |       |    18 |    28 |    57 |     6 ||   109
